 Dungeon Crawl Stone Soup version 0.31-a0-246-g8cbcc1cb85 (webtiles) character file.

Game seed: 6877836420662980749

70 qw the Shooter (level 4, 0/36 HPs)
             Began as a Minotaur Hexslinger on July 12, 2023.
             Killed from afar by Grinder (4 damage)
             ... with a puff of flame
             ... on level 3 of the Dungeon.
             The game lasted 00:00:44 (1611 turns).

qw the Shooter (Minotaur Hexslinger)                Turns: 1611, Time: 00:00:44

Health: 0/36       AC:  2    Str: 12    XL:     4   Next: 4%
Magic:  4/4        EV: 12    Int: 10    God:
Gold:   595        SH:  0    Dex: 15    Spells: 4/5 levels left

rFire   . . .        Y - +1 sling
rCold   + . .        (no shield)
rNeg    . . .        c - +0 robe
rPois   .            (helmet restricted)
rElec   .            (no cloak)
rCorr   .            (no gloves)
SInv    .            (no boots)
Will    .....        (no amulet)
Stlth   +            g - ring of protection from cold
HPRegen 0.26/turn    (no ring)
MPRegen 0.09/turn

%: no passive effects
@: no status effects
A: horns 2, retaliatory headbutt
a: no special abilities


You were on level 3 of the Dungeon.
You visited 1 branch of the dungeon, and saw 3 of its levels.

You collected 595 gold pieces.


Innate Abilities, Weirdness & Mutations

You have a pair of horns on your head.
You reflexively headbutt those who attack you in melee.


   Skills:
 - Level 2.0 Fighting
 + Level 4.5 Ranged Weapons
 - Level 2.1 Dodging
 - Level 1.0 Spellcasting
 - Level 2.0 Hexes


You had 4 spell levels left.
You knew the following spells:

 Your Spells              Type           Power      Damage    Failure   Level
a - Slow                  Hex            16%        N/A       16%         1

Your spell library contained the following spells:

 Spells                   Type           Power      Damage    Failure   Level
 Inner Flame              Hex/Fire       2%         N/A       56%         3
 Portal Projectile        Hex/Tloc       4%         N/A       56%         3
 Cause Fear               Hex            2%         N/A       83%         4

Inventory:

Hand Weapons
 Y - a +1 sling (weapon)
Armour
 c - a +0 robe (worn)
Jewellery
 g - a ring of protection from cold (left hand)
Scrolls
 f - a scroll of identify
Potions
 d - a potion of degeneration {unknown}
 e - 2 potions of curing
 i - a potion of haste {unknown}
 k - a potion of magic {unknown}

Dungeon Overview and Level Annotations

Branches:
Dungeon (3/15)

Altars:

Annotations:
D:3 Grinder


Message History

Grinder says, "There's only one good use for a tongue: cutting it out."
Grinder hits you.
You writhe in agony.
You shoot a sling bullet. The sling bullet hits Grinder.
Grinder is heavily wounded.
Grinder barely misses you.
You shoot a sling bullet.
The sling bullet closely misses Grinder.
Grinder blinks!
You shoot a sling bullet. The sling bullet barely misses Grinder.
Grinder says, "Make like a tree!"
You shoot a sling bullet. The sling bullet hits Grinder.
Grinder is heavily wounded.
You shoot a sling bullet.
The sling bullet closely misses Grinder.
You shoot a sling bullet. The sling bullet hits Grinder.
Grinder is severely wounded.
Grinder zaps a wand.
The puff of flame hits you!
1604 ||| DRINKING potion of heal wounds.
You feel much better.
Grinder zaps a wand.
The puff of flame hits you.
You shoot a sling bullet.
The sling bullet closely misses Grinder.
Grinder hits you!
You writhe in agony.
You shoot a sling bullet. The sling bullet hits Grinder.
Grinder is severely wounded.
Grinder zaps a wand.
The puff of flame hits you.
You shoot a sling bullet.
The sling bullet closely misses Grinder.
Grinder hits you but does no damage.
You shoot a sling bullet. The sling bullet hits Grinder.
Grinder is severely wounded.
Grinder gestures at you.
You suddenly lose the ability to move!
Grinder hits you! Grinder gestures at you. You resist with significant effort.
You can move again.
You shoot a sling bullet. The sling bullet barely misses Grinder.
Grinder zaps a wand.
The puff of flame hits you.
You die...

#.. ###.#
##.... ....#
# ...#..
..#.#
###.#.#
#.@.#.######
#%#5........
#.#.........
#.#.........
..##........
.##.........
##########
..
#.##......
#........#
## #.#
######
#........#
#.#


You could see Grinder.

Vanquished Creatures
  A gnoll (D:1)
  2 adders
  A worm (D:2)
  A dart slug (D:2)
  4 ball pythons (D:1)
  3 endoplasms
  2 giant cockroaches (D:1)
  5 goblins
  2 hobgoblins
  2 quokkas
  2 bats
  A frilled lizard (D:1)
  3 kobolds
  8 rats
37 creatures vanquished.

Notes
Turn   | Place    | Note
-------+----------+-------------------------------------------
     0 | D:1      | qw the Minotaur Hexslinger began the quest for the Orb.
     0 | D:1      | Reached XP level 1. HP: 16/16 MP: 1/1
     0 | D:1      | 0 ||| qw: Version: 0.3-a-52-g30416fa
     0 | D:1      | 0 ||| qw: Game counter: 6339
     0 | D:1      | 0 ||| qw: Melee chars always use a shield: true
     0 | D:1      | 0 ||| qw: God list: Okawaru
     0 | D:1      | 0 ||| qw: Allow faded altars: false
     0 | D:1      | 0 ||| qw: Do Orc after clearing Dungeon:15 true
     0 | D:1      | 0 ||| qw: Do second Lair branch before Depths: true
     0 | D:1      | 0 ||| qw: Lair rune preference: random
     0 | D:1      | 0 ||| qw: Goals: Normal
     0 | D:1      | 0 ||| PLANNING D:1-11
   131 | D:1      | Reached skill level 3 in Ranged Weapons
   131 | D:1      | Reached XP level 2. HP: 16/23 MP: 2/2
   391 | D:1      | Found a faded altar of an unknown god.
   472 | D:1      | Reached XP level 3. HP: 29/29 MP: 3/3
   696 | D:1      | 696 ||| UPGRADING to ring of protection from cold.
   697 | D:1      | 697 ||| DROPPING ring of flight.
   698 | D:1      | 698 ||| READING scroll labelled SOUX JOLAQE.
   699 | D:1      | 699 ||| READING scroll labelled DEUFOUBOYSM.
   700 | D:1      | 700 ||| READING scroll labelled OHUREG MUUTZ.
   701 | D:1      | 701 ||| READING 2 scrolls labelled YLOENULECW.
   702 | D:1      | 702 ||| DROPPING scroll of poison.
   703 | D:1      | 703 ||| DROPPING scroll of vulnerability.
   838 | D:2      | Reached skill level 4 in Ranged Weapons
   884 | D:2      | 884 ||| FLEEEEING.
   885 | D:2      | 885 ||| FLEEEEING.
   886 | D:2      | 886 ||| FLEEEEING.
   887 | D:2      | 887 ||| FLEEEEING.
   889 | D:2      | 889 ||| STAIRDANCE
   900 | D:1      | 900 ||| READING scroll labelled KIEKUBATUR.
   900 | D:1      | Identified a scroll of acquirement
   900 | D:1      | 900 ||| ACQUIRING 483 gold pieces
   900 | D:1      | Acquired 483 gold pieces
   906 | D:2      | 906 ||| STAIRDANCE
   985 | D:2      | Identified the +2 ring mail "Zodiec" {rElec rN+ Slay-6}
  1362 | D:2      | 1362 ||| DROPPING +2 ring mail "Zodiec" {rElec rN+ Slay-6}.
  1363 | D:2      | 1363 ||| DRINKING 2 sapphire potions.
  1462 | D:3      | Noticed Grinder
  1474 | D:3      | 1474 ||| FLEEEEING.
  1475 | D:3      | 1475 ||| FLEEEEING.
  1476 | D:3      | 1476 ||| FLEEEEING.
  1481 | D:3      | 1481 ||| FLEEEEING.
  1482 | D:3      | 1482 ||| FLEEEEING.
  1483 | D:3      | 1483 ||| FLEEEEING.
  1484 | D:3      | 1484 ||| FLEEEEING.
  1485 | D:3      | 1485 ||| FLEEEEING.
  1486 | D:3      | 1486 ||| FLEEEEING.
  1487 | D:3      | 1487 ||| FLEEEEING.
  1500 | D:3      | 1500 ||| FLEEEEING.
  1501 | D:3      | 1501 ||| FLEEEEING.
  1509 | D:3      | 1509 ||| STAIRDANCE
  1572 | D:2      | 1572 ||| READING 2 scrolls of identify.
  1572 | D:2      | 1572 ||| IDENTIFYING bubbling white potion
  1591 | D:3      | Reached XP level 4. HP: 34/36 MP: 4/4
  1603 | D:3      | HP: 8/36 [Grinder/puff of flame (10)]
  1604 | D:3      | 1604 ||| DRINKING potion of heal wounds.
  1608 | D:3      | Paralysed by Grinder for 3 turns
  1609 | D:3      | HP: 3/36 [Grinder (8)]
  1611 | D:3      | Killed from afar by Grinder

Levels and vault maps discovered:
D:1:      dpeg_arrival_leaves_temple_mockup, layout_basic,
          hellmonk_ecumenical_altar_arch_garden, st_stairs_10,
          chequers_serial_rivers_micro_c
D:2:      layout_basic, minivault_25
D:3:      layout_basic, nicolae_wormholes, uniq_grinder, uniq_sigmund

Skill      XL: |  1  2  3 |
---------------+----------+-----
Ranged Weapons | 3 4 |  4.5
Fighting       | 2 |  2.0
Dodging        | |  2.1
Spellcasting   | |  1.0
Hexes          | |  2.0

Action                     |  1- 3 |  4- 6 || total
---------------------------+-------+-------++-------
   Fire: Sling             |   113 |    17 ||   130
    Use: Scroll            |     6 |       ||     6
         Potion            |     1 |     1 ||     2
 Armour: Robe              |     4 |     1 ||     5
  Dodge: Dodged            |    27 |     1 ||    28

Table legend:
 A = Non-vault XP
 B = Vault XP
 C = Vault XP percentage of total XP
 D = Non-vault monster count
 E = Vault monster count
 F = Vault count percentage of total count
                 A         B        C        D         E       F
            +---------+---------+-------+---------+---------+-------
      Total |      98 |       3 |   3.0 |      35 |       2 |   5.4
            +---------+---------+-------+---------+---------+-------
        D:1 |      45 |       3 |   6.2 |      21 |       2 |   8.7
        D:2 |      35 |       0 |   0.0 |      10 |       0 |   0.0
        D:3 |      18 |       0 |   0.0 |       4 |       0 |   0.0
            +---------+---------+-------+---------+---------+-------
